Yev-Ruu, chaotic female vampiric Convict -------- ------------- ------- #|.......| |............##########.......####################### ###|%......| |...........| |{....| ##0#######################%%......| |...........+ ##......| ###### |.......| |...........| # ---|--- ## |.......| -.----------- ### # ### ----|---- # # # ## # ###### ## ### # #### # ---.--.-------# # ###### # # # |............|# ## --.---# 0## ### |........`...|# -|-------- ##.....|# # # |............|# |........| # |....-# ### --.-- |.......>.....# |.....S@.| ##############.....| # |...| -------------- |<.......| # ------ ##-...| |(........############ |..%| ---------- ----- Yev-Ruu the Prisoner Experience level: 11 Strength: 15 Dexterity: 9 Constitution: 20 Intelligence: 16 Wisdom: 10 Charisma: 8 Health: 0(120) Energy: 77(77) AC: 10 Gold: 0 Moves: 10036 Spells known in the end: Name Level Category Fail Memory a - jumping 1 escape 0% [|||||||.] Your skills at the end: Fighting Skills body armor [Basic / Skilled] shield [Basic / Basic] Weapon Skills flail [Skilled / Expert] sling [Basic / Skilled] Spellcasting Skills Final Attributes: You were piously aligned. Hunger level was -125. Your alignment was 58 / 60. Monster difficulty range was 2 - 11. Level difficulty was 12. You were immune to poison. You were immune to level-drain. You were immune to sickness. You could fly. You could survive without air. You regenerated. Your luck was zero. You are dead. Vanquished creatures: 11 black puddings a watch captain a black naga 4 giant zombies 4 small mimics a wood golem a gelatinous cube a large cat 2 tengu an elf mummy a python a wraith a carnivorous ape 2 ettin zombies 2 leather golems 4 watchmen 2 incubi a chameleon a giant beetle 2 cockatrices 4 winter wolf cubs an ice vortex a black light a lizard 4 chickatrices a dog a white unicorn a raven 3 plains centaurs a gnome mummy a snake 4 Woodland-elves 3 soldier ants 7 bugbears 2 Uruk-hai an orc shaman 2 rock piercers 2 ponies 3 fog clouds 2 yellow lights a shrieker a violet fungus 9 gnome lords 6 gnomish wizards a kobold mummy a black naga hatchling a gray ooze a ghoul 2 straw golems a paper golem a giant ant 3 floating eyes 4 kittens 8 dwarves 2 kobold lords 4 kobold shamans 3 hill orcs 8 rothes 2 rabid rats 3 giant bats an orc zombie 9 dwarf zombies 2 werejackals 5 iguanas 6 killer bees an acid blob 2 gas spores 5 hobbits 4 large kobolds 12 hobgoblins 4 giant rats a cave spider 42 gnomes 5 garter snakes a gnome zombie 7 geckos 12 jackals 2 foxes 4 kobolds 2 goblins a sewer rat 6 grid bugs 5 lichens 5 kobold zombies 5 newts 300 creatures vanquished. Voluntary challenges: You went without food. You never hit with a wielded weapon. You read items or engraved 12 times. You put on armor 38 times. You never genocided any monsters. You never polymorphed an object. You changed form 1 time. You used no wishes. You abstained from Elbereth's help. You never encountered a bones level. You never used any Sokoban shortcuts. Dungeon overview: The Dungeons of Doom: levels 1 to 12 Level 1 some fountains a long staircase Level 2 stairs to The Gnomish Mines Level 4 a tool shop, some fountains Level 5 a sink Level 6 many fountains Level 7 stairs to Sokoban Level 8 some fountains stairs to Town Level 9 a general store, an altar to Tymora, some fountains Level 11 (BAD BAD BAD) Level 12 <- You were here a fountain The Gnomish Mines: levels 3 to 7 Level 3 stairs to The Dungeons of Doom Level 6 many shops, a temple, a magic chest, some fountains Sokoban: Level 6 a magic chest stairs to The Dungeons of Doom Town: Level 7 stairs to The Dungeons of Doom History has recorded: On T:1 you entered the Dungeons of Doom to retrieve the Amulet of Yendor! On T:694 you reached level 2 of The Dungeons of Doom. On T:939 you advanced to experience level 2. On T:990 you reached level 1 of The Gnomish Mines. On T:994 you advanced to experience level 3. On T:1003 you advanced to experience level 4. On T:1064 you advanced to experience level 5. On T:1273 you advanced to experience level 6. On T:1809 you reached level 2 of The Gnomish Mines. On T:1974 you advanced to experience level 7. On T:2024 you reached level 3 of The Gnomish Mines. On T:2300 you reached level 4 of The Gnomish Mines. On T:2567 you reached level 3 of The Dungeons of Doom. On T:3083 you advanced to experience level 8. On T:3450 you reached level 4 of The Dungeons of Doom. On T:3970 you reached level 5 of The Gnomish Mines. On T:4963 you reached level 5 of The Dungeons of Doom. On T:5091 you advanced to experience level 9. On T:5884 you reached level 6 of The Dungeons of Doom. On T:6288 you reached level 7 of The Dungeons of Doom. On T:6299 you advanced to experience level 10. On T:6431 you reached level 8 of The Dungeons of Doom. On T:6541 you reached level 3 of Sokoban. On T:7751 you received Luck Blade from Tymora. On T:8400 you reached level 10 of The Dungeons of Doom. On T:8954 you reached level 3 of Town. On T:8966 you advanced to experience level 11. On T:9219 you reached level 11 of The Dungeons of Doom. On T:9316 you reached level 12 of The Dungeons of Doom. Latest messages: The pit viper's bite was poisoned! The poison doesn't seem to affect you. The pit viper bites! (2x) You regain consciousness. [HP-9=42] [21 turns] The pit viper bites! (2x) You faint from lack of food. [HP-6=36] The pit viper bites! (2x) [HP-3=33] The pit viper bites! (2x) [HP-5=28] The pit viper bites! (4x) The pit viper's bite was poisoned! The poison doesn't seem to affect you. [HP-12=16] The pit viper bites! (2x) [HP-3=13] The pit viper bites! (2x) [HP-2=11] The pit viper bites! (2x) [HP-6=5] The pit viper bites! (2x) You die... Not carrying anything. Final status: Goodbye Yev-Ruu the Convict... You died in The Dungeons of Doom on dungeon level 12 with 22076 points, and 0 pieces of gold, after 10036 moves. You were level 11 with a maximum of 120 hit points when you died.